 Dungeon Crawl Stone Soup version 0.14-a0-2964-g8dc6adb (webtiles) character file.

271 Quh the Sneak (level 5, -1/24 HPs)
             Began as a Spriggan Enchanter on Mar 5, 2014.
             Killed from afar by a gnoll (6 damage)
             ... with a wand of magic darts
             ... on Level 3 of the Dungeon.
             The game lasted 00:24:11 (3555 turns).

Quh the Sneak (Spriggan Enchanter)                  Turns: 3555, Time: 00:24:12

HP  -1/24        AC  8     Str  5      XL: 5   Next: 17%
MP   2/16        EV 18     Int 17      God:
Gold 112         SH  0     Dex 16      Spells:  2 memorised,  7 levels left

rFire  . . .     SeeInvis +     w - +2,+1 short sword (protect)
rCold  . . .     Clarity  .     i - +1 robe
rNeg   . . .     Conserve .     (shield restricted)
rPois  .         rCorr    .     (helmet restricted)
rElec  .         rRot     .     (no cloak)
SustAb . .       Spirit   .     (gloves unavailable)
rMut   .         Warding  .     (boots unavailable)
Saprov . . .     Stasis   .     (no amulet)
MR     .....                    (no ring)
                                (no ring)

@: very slightly contaminated, very quick, not resistant to hostile
enchantments, quite stealthy
A: unfitting armour, see invisible, herbivore 3, speed 3, slow metabolism 2
a: no special abilities


You were on level 3 of the Dungeon.
You were near starving.

You visited 1 branch of the dungeon, and saw 3 of its levels.

You collected 112 gold pieces.

Inventory:

Hand weapons
 a - a +1,+1 dagger
 b - a +0,+0 short sword of flaming
 g - a +0,+0 dagger
 w - a +2,+1 short sword of protection (weapon)
Missiles
 d - 6 darts (quivered)
Armour
 i - a +1 robe (worn)
Comestibles
 f - 5 bread rations
 q - a pear
 r - an orange
Scrolls
 h - 2 scrolls of fog {unknown}
 j - 4 scrolls of remove curse {unknown}
 l - 2 scrolls of amnesia {unknown}
 n - 2 scrolls of identify {unknown}
 p - 4 scrolls of random uselessness {unknown}
 v - a scroll of enchant weapon II {unknown}
 x - a scroll of magic mapping {unknown}
 z - a scroll of enchant weapon I {unknown}
Jewellery
 m - a cursed ring of protection from magic {unknown}
 y - a cursed ring of teleportation {unknown}
 B - an uncursed ring of wizardry {unknown}
Potions
 e - a potion of porridge
 o - a potion of magic {unknown}
 s - 2 potions of might {unknown}
 t - a potion of curing {unknown}
 u - a potion of degeneration {unknown}
 A - 3 potions of heal wounds {unknown}
Books
 c - a book of Maledictions

   Spells                             Type                      Level
   *Corona                            Hexes                        1
   Sure Blade                         Hexes/Charms                 2
   *Ensorcelled Hibernation           Hexes/Ice                    2
   Confuse                            Hexes                        3
   Enslavement                        Hexes                        4
   Invisibility                       Hexes                        6


   Skills:
 * Level 3.7 Short Blades
 - Level 1.1 Throwing
 - Level 3.0 Dodging
 * Level 5.4 Stealth
 + Level 3.1 Spellcasting
 + Level 4.3 Hexes


You had 7 spell levels left.
You knew the following spells:

 Your Spells              Type           Power        Failure   Level  Hunger
a - Corona                Hex            ###....      2%          1    None
b - Ensorcelled Hibernat  Hex/Ice        ##....       14%         2    ##.....


Dungeon Overview and Level Annotations

Branches:
Dungeon (3/16)

Altars:


Innate Abilities, Weirdness & Mutations

You are tiny and cannot use many weapons and most armour.
You have supernaturally acute eyesight.
You are a herbivore.
You cover ground extremely quickly.
You need consume almost no food.


Message History

Casting: Ensorcelled Hibernation
Confirm with . or Enter, or press ? or * to list all spells.
Aiming: Ensorcelled Hibernation
Press: ? - help, Shift-Dir - straight line, f/p - gnoll
Aim: a gnoll, wielding a halberd and wearing an orcish leather armour (moderately wounded)
The gnoll is unaffected.
You hit the gnoll.
The gnoll is heavily wounded.
The gnoll closely misses you. The gnoll misses you.
You hit the gnoll but do no damage.
The gnoll is heavily wounded.
The gnoll hits you with a halberd!
Ouch! That really hurt!
* * * LOW HITPOINT WARNING * * *
The gnoll hits you from afar with a spear.
* * * LOW HITPOINT WARNING * * *
You open the door.
There is an open door here.
The gnoll zaps a wand.
The magic dart hits you!
You die...

###########.###g%.........#
.........%................#
###########.##..g.........#
.#<..........#.#..######'##
.##########..#.#..# #.#
....(........#.#..######.#
.##########.##.#.........#
.# #.....#.######### .#
#.....#@....# .#
#.....#..##.############ .#
#.....#..##............. .#
#.....#..############### .#
#.....#..#......# # [#
#...#.####.####.# # ##
#...#.........#.# #
##'#######%...#.# #
######.############.# #


You could see 2 gnolls.

Vanquished Creatures
  5 adders
  A gnoll (D:3)
  2 worms (D:3)
  2 giant geckos (D:1)
  4 orcs (D:3)
  A ball python (D:1)
  3 giant cockroaches
  14 goblins
  10 hobgoblins
  11 jackals
  12 bats
  13 kobolds
  6 rats
84 creatures vanquished.

Vanquished Creatures (others)
  A bat (D:2)
1 creature vanquished.

Grand Total: 85 creatures vanquished

Notes
Turn   | Place    | Note
--------------------------------------------------------------
     0 | D:1      | Quh, the Spriggan Enchanter, began the quest for the Orb.
     0 | D:1      | Reached XP level 1. HP: 9/9 MP: 4/4
   268 | D:1      | Reached XP level 2. HP: 2/13 MP: 7/7
   542 | D:1      | Reached skill level 4 in Stealth
  1163 | D:1      | Reached XP level 3. HP: 16/16 MP: 9/9
  1167 | D:1      | Learned a level 2 spell: Ensorcelled Hibernation
  1828 | D:2      | Reached XP level 4. HP: 21/21 MP: 5/12
  2171 | D:2      | Reached skill level 5 in Stealth
  3299 | D:3      | Reached XP level 5. HP: 5/24 MP: 8/15
  3555 | D:3      | Killed from afar by a gnoll

Action                   |  1- 3 |  4- 6 || total
-------------------------+-------+-------++-------
Melee: Dagger            |    24 |    14 ||    38
       Short sword       |   100 |    77 ||   177
Throw: Dart              |       |     7 ||     7
 Cast: Ensorcelled Hiber |    15 |    47 ||    62
 Stab: Sleeping          |    10 |    23 ||    33
